 Seeded DCSS version 0.30-a0-726-gd89dcf765f (webtiles) character file.

Game seed: 5772684963948250150 (custom seed)

672 valliere the Stinger (level 7, -7/56 HPs)
             Began as a Gnoll Venom Mage on Jan 30, 2023.
             Was an Initiate of Cheibriados.
             Mangled by a small abomination (13 damage)
             ... on level 4 of the Dungeon.
             The game lasted 00:12:36 (4006 turns).

valliere the Stinger (Gnoll Venom Mage)             Turns: 4006, Time: 00:12:37

Health: -7/56      AC: 23    Str:  8    XL:     7   Next: 58%
Magic:  15/15      EV: -6    Int: 23    God:    Cheibriados [......]
Gold:   236        SH:  5    Dex: 11    Spells: 6/17 levels left

rFire   + + .      SeeInvis .    s - +1 spear (venom)
rCold   + . .      Faith    .    (no shield)
rNeg    + . .      Spirit   .    F - +6 gold dragon scales of the Tuna {rPois rF+ rC+ rN+ Regen+ Str-5 Dex+3}
rPois   +          Reflect  +    (no helmet)
rElec   .          Harm     .    (no cloak)
rCorr   .          Rampage  .    B - +0 pair of gloves
Will    .....                    y - +0 pair of boots Stlth
                                 z - amulet of reflection
HPRegen 1.09/turn                x - ring "Tiffym" {rPois rF+ Str+3 Int+4 Dex-4}
MPRegen 0.14/turn                (no ring)

@: very slow
A: fangs 1, strong nose, distributed training, iridescent scales 1, clever 1,
robust 1, MP-powered wands
a: Renounce Religion


You were on level 4 of the Dungeon.
You worshipped Cheibriados.
Cheibriados was noncommittal.
You visited 1 branch of the dungeon, and saw 4 of its levels.

You collected 236 gold pieces.

Inventory:

Hand Weapons
 s - a +1 spear of venom (weapon)
 C - the +9 staff of Wucad Mu {*channel}
   (You acquired it on level 3 of the Dungeon)

   *Channel:  It occasionally powers its wielder's spells, but with a chance of
   causing confusion or draining the wielder's intelligence.
   It becomes more likely to activate and less likely to backfire with increased
   Evocations skill.
Armour
 a - a +0 robe
 c - a +0 scale mail
 f - a +0 ring mail
 q - a +2 robe of willpower
 y - a +0 pair of boots (worn)
 B - a +0 pair of gloves (worn)
 F - the +6 gold dragon scales of the Tuna (worn) {rPois rF+ rC+ rN+ Regen+ Str-5 Dex+3}
   (You acquired it on level 4 of the Dungeon)

   Str:       It affects your strength (-5).
   Dex:       It affects your dexterity (+3).
   rF:        It protects you from fire.
   rC:        It protects you from cold.
   rPois:     It protects you from poison.
   rN:        It protects you from negative energy.
   Regen:     It increases your rate of health regeneration.
Jewellery
 n - a ring of ice
 x - the ring "Tiffym" (left hand) {rPois rF+ Str+3 Int+4 Dex-4}
   (You acquired it on level 3 of the Dungeon)

   [ring of poison resistance]

   Str:       It affects your strength (+3).
   Int:       It affects your intelligence (+4).
   Dex:       It affects your dexterity (-4).
   rF:        It protects you from fire.
   rPois:     It protects you from poison.
 z - an amulet of reflection (around neck)
 A - an amulet of the acrobat
 G - a ring of flight
Scrolls
 d - a scroll of brand weapon {unknown}
 g - 3 scrolls of fear {unknown}
 h - a scroll of immolation {unknown}
 i - 5 scrolls of identify
 j - 4 scrolls of poison {unknown}
 m - a scroll of blinking
 r - 2 scrolls of magic mapping {unknown}
 t - 7 scrolls of teleportation
 w - a scroll of silence {unknown}
 D - a scroll of amnesia {unknown}
Potions
 b - a potion of magic
 e - 2 potions of mutation
 k - a potion of berserk rage {unknown}
 l - 2 potions of curing {unknown}
 o - a potion of flight {unknown}
 p - 2 potions of lignification {unknown}
 u - 2 potions of brilliance {unknown}
 v - 3 potions of heal wounds {unknown}
 E - a potion of resistance {unknown}


   Skills:
 + Level 2.7 Fighting
 + Level 2.7 Short Blades
 + Level 2.7 Long Blades
 + Level 2.7 Axes
 + Level 2.7 Maces & Flails
 + Level 2.7 Polearms
 + Level 2.7 Staves
 + Level 2.7 Ranged Weapons
 + Level 2.7 Throwing
 + Level 2.7 Armour
 + Level 5.3 Dodging
 + Level 5.0 Stealth
 + Level 2.7 Shields
 + Level 2.7 Unarmed Combat
 + Level 5.7 Spellcasting
 + Level 2.2 Conjurations
 + Level 2.2 Hexes
 + Level 2.2 Summonings
 + Level 2.2 Necromancy
 + Level 2.2 Translocations
 + Level 3.1 Transmutations
 + Level 2.2 Fire Magic
 + Level 2.2 Ice Magic
 + Level 2.2 Air Magic
 + Level 2.2 Earth Magic
 + Level 5.9 Poison Magic
 + Level 3.0 Invocations
 + Level 2.7 Evocations


You had 6 spell levels left.
You knew the following spells:

 Your Spells              Type           Power      Damage    Failure   Level
a - Sting                 Tmut/Pois      100%       1d8       100%        1
b - Olgreb's Toxic Radia  Pois           33%        N/A       100%        4
c - Mephitic Cloud        Conj/Pois/Air  22%        N/A       100%        3
d - Ignite Poison         Fire/Tmut/Pois 23%        N/A       100%        3

Your spell library contained the following spells:

 Spells                   Type           Power      Damage    Failure   Level
 Magic Dart               Conj           64%        1d6       100%        1
 Call Imp                 Summ           16%        N/A       100%        2
 Poisonous Vapours        Pois/Air       50%        N/A       100%        2
 Kindle Blastsparks       Fire/Tloc/Air  32%        2d12      100%        3
 Animate Armour           Summ/Erth      32%        N/A       100%        4
 Blade Hands              Tmut           10%        N/A       100%        5
 Freezing Cloud           Conj/Ice/Air   8%         6-21      100%        5
 Iron Shot                Conj/Erth      8%         9d3       100%        6


Dungeon Overview and Level Annotations

Branches:
Dungeon (4/15)
 Temple: D:4-7

Altars:
Ashenzari
Cheibriados
Elyvilon
Hepliaklqana
Wu Jian

Shops:
D:1 :?((

Portals:
Abyss: D:4

Annotations:
D:4 Legacy's ghost, amateur DgHu


Innate Abilities, Weirdness & Mutations

You have very sharp teeth.
Your uncanny sense of smell can sniff out nearby items.
Your experience applies equally to all skills.
You are partially covered in iridescent scales. (AC +2)
Your mind is acute. (Int +4, Str/Dex -1)
You are robust. (+10% HP)
You expend magic power (3 MP) to strengthen your wands.


Message History

* * * LOW HITPOINT WARNING * * *
The small abomination attacks as you move away!
The small abomination hits you.
* * * LOW HITPOINT WARNING * * *
The small abomination hits you but does no damage.
The small abomination attacks as you move away!
You block the small abomination's attack.
You kill the gnoll!
Cheibriados thoroughly appreciates the change of pace.
The small abomination hits you but does no damage.
The small abomination hits you but does no damage.
There is a transporter here.
You enter the transporter and appear at another place.
You block the small abomination's attack.
The small abomination hits you but does no damage.
You closely miss the small abomination.
The small abomination hits you but does no damage.
You hit the small abomination.
The small abomination is lightly damaged.
The small abomination hits you but does no damage.
You hit the small abomination.
The small abomination is lightly damaged.
The small abomination completely misses you.
The small abomination hits you.
* * * LOW HITPOINT WARNING * * *
You hit the small abomination but do no damage.
The small abomination is lightly damaged.
The small abomination hits you.
* * * LOW HITPOINT WARNING * * *
Legacy's ghost whispers, "There is no future for you."
You hit the small abomination. You bite the small abomination.
The small abomination is moderately damaged.
The small abomination hits you but does no damage. x2
You barely miss the small abomination.
The small abomination is moderately damaged.
The small abomination hits you but does no damage.
You hit the small abomination but do no damage.
The small abomination is moderately damaged.
The small abomination hits you!
You die...

#).####....................##.###
#...........###..###.......##.#
...####....##.####$##.###..##.###
#.#####....#...##.∩:###.#.......#
...........#5##..#....#©#.......#
.##.###...##.#.........##........
.##.# #..##.#.###.#^#..#........#
.##.###..##...#.##....##........#
.##.......##5##x@#W.)##.....#####
.##.##.....###..##...#......#
.##.###.....©...#....#......#####
.##.# #........##.##.###....##...
....# #....#####..©.## #.......##
.#### #...## #..###.=.##...####
.# #...#......#.##.#.#...#####
.## #...####.###..##.##........
..# #......####....###...#.####


You could see a small abomination and Legacy's ghost.

Vanquished Creatures
  A sky beast (D:4)
  An ogre (D:4)
  A scorpion (D:3)
  A howler monkey (D:3)
  2 hounds (D:4)
  Jessica (D:2)
  3 iguanas
  An orc wizard (D:3)
  5 gnolls
  6 adders
  4 worms
  7 dart slugs
  5 orcs
  6 bats
  3 endoplasms
  6 giant cockroaches
  8 hobgoblins
  6 jackals (D:2)
  5 kobolds
  2 quokkas
  6 ball pythons
  5 frilled lizards
  5 goblins
  6 rats
96 creatures vanquished.

Vanquished Creatures (others)
  13 plants (D:4)
13 creatures vanquished.

Grand Total: 109 creatures vanquished

Notes
Turn   | Place    | Note
-------+----------+-------------------------------------------
     0 | D:1      | valliere the Gnoll Venom Mage began the quest for the Orb.
     0 | D:1      | Reached XP level 1. HP: 13/13 MP: 6/6
    18 | D:1      | Found Huucwiuf's Magic Scroll Shoppe.
    19 | D:1      | Found Bangeh's Book Boutique.
    24 | D:1      | Found Hacah's Antique Weapon Emporium.
   288 | D:1      | Found Tisut's Weapon Shoppe.
   458 | D:1      | Gained mutation: You are robust. (+10% HP) [potion of
                  | mutation]
   458 | D:1      | Gained mutation: Your mind is acute. (Int +4, Str/Dex -1)
                  | [potion of mutation]
   458 | D:1      | Gained mutation: You expend magic power (3 MP) to
                  | strengthen your wands. [potion of mutation]
   458 | D:1      | Gained mutation: You are partially covered in iridescent
                  | scales. (AC +2) [potion of mutation]
   487 | D:1      | Reached XP level 2. HP: 20/20 MP: 3/7
   830 | D:2      | Noticed Jessica
   855 | D:2      | Killed Jessica
   856 | D:2      | Reached skill level 5 in Spellcasting
   856 | D:2      | Reached skill level 1 in Invocations
   856 | D:2      | Reached XP level 3. HP: 23/27 MP: 0/9
   948 | D:2      | Reached skill level 1 in Fighting
   948 | D:2      | Reached skill level 1 in Short Blades
   948 | D:2      | Reached skill level 1 in Long Blades
   948 | D:2      | Reached skill level 1 in Axes
   948 | D:2      | Reached skill level 1 in Maces & Flails
   948 | D:2      | Reached skill level 1 in Polearms
   948 | D:2      | Reached skill level 1 in Staves
   948 | D:2      | Reached skill level 1 in Ranged Weapons
   948 | D:2      | Reached skill level 1 in Throwing
   948 | D:2      | Reached skill level 1 in Armour
   948 | D:2      | Reached skill level 1 in Shields
   948 | D:2      | Reached skill level 1 in Unarmed Combat
   948 | D:2      | Reached skill level 1 in Evocations
  1058 | D:2      | Reached XP level 4. HP: 35/35 MP: 7/11
  1171 | D:2      | Reached skill level 1 in Conjurations
  1171 | D:2      | Reached skill level 1 in Hexes
  1171 | D:2      | Reached skill level 1 in Summonings
  1171 | D:2      | Reached skill level 1 in Necromancy
  1171 | D:2      | Reached skill level 1 in Translocations
  1171 | D:2      | Reached skill level 1 in Fire Magic
  1171 | D:2      | Reached skill level 1 in Ice Magic
  1171 | D:2      | Reached skill level 1 in Air Magic
  1171 | D:2      | Reached skill level 1 in Earth Magic
  1587 | D:2      | Found a faded altar of an unknown god.
  1594 | D:2      | Reached XP level 5. HP: 40/40 MP: 9/12
  2180 | D:3      | Reached XP level 6. HP: 48/48 MP: 10/14
  2234 | D:3      | Found a white marble altar of Elyvilon.
  2235 | D:3      | Found a snail-covered altar of Cheibriados.
  2236 | D:3      | Found a hazy altar of Hepliaklqana.
  2236 | D:3      | Found a broken altar of Ashenzari.
  2236 | D:3      | Found an ornate altar of the Wu Jian Council.
  2245 | D:3      | Reached skill level 5 in Dodging
  2253 | D:3      | Became a worshipper of Cheibriados the Contemplative
  2522 | D:3      | Identified 2 scrolls of acquirement
  2523 | D:3      | Acquired the +9 staff of Wucad Mu {*channel}
  2523 | D:3      | Found the +9 staff of Wucad Mu {*channel}
  2528 | D:3      | Acquired the ring "Tiffym" {rPois rF+ Str+3 Int+4 Dex-4}
  2578 | D:3      | Learned a level 4 spell: Olgreb's Toxic Radiance
  2582 | D:3      | Learned a level 3 spell: Mephitic Cloud
  2586 | D:3      | Learned a level 3 spell: Ignite Poison
  3308 | D:4      | Reached XP level 7. HP: 55/55 MP: 12/15
  3582 | D:4      | Acquired the +6 gold dragon scales of the Tuna {rPois rF+
                  | rC+ rN+ Regen+ Str-5 Dex+3}
  3671 | D:4      | Reached skill level 5 in Stealth
  3734 | D:4      | Found a transporter.
  3864 | D:4      | Found a transporter.
  3899 | D:4      | Found a one-way gate to the infinite horrors of the Abyss.
  3899 | D:4      | Noticed Legacy's ghost (amateur DgHu)
  3996 | D:4      | HP: 1/56 [small abomination (5)]
  4006 | D:4      | Mangled by a small abomination

Illustrated notes

Levels and vault maps discovered:
D:1:      sevenhm_arrival_forest_fort_small_3, layout_basic, serial_shops, shop,
          nicolae_shop_trees, shop, shop, corner_web_ring,
          chequers_serial_rivers_micro_b, serial_bayou_pond_e
D:2:      layout_basic, chequers_ecumenical_altar_simple, minmay_joined_circles,
          uniq_jessica
D:3:      cheibrodos_helix_gallery, layout_loops_ring,
          grunt_temple_overflow_open
D:4:      layout_loops_ring, gammafunk_ghost_abyssal_escape,
          guppyfry_early_lair_pool

Skill      XL: |  1  2  3  4  5  6  7 |
---------------+----------------------+-----
Transmutations | 2 3 |  3.1
Spellcasting   | 5 |  5.7
Invocations    | 1 2 3 |  3.0
Fighting       | 1 2 |  2.7
Short Blades   | 1 2 |  2.7
Long Blades    | 1 2 |  2.7
Axes           | 1 2 |  2.7
Maces & Flails | 1 2 |  2.7
Polearms       | 1 2 |  2.7
Staves         | 1 2 |  2.7
Ranged Weapons | 1 2 |  2.7
Throwing       | 1 2 |  2.7
Armour         | 1 2 |  2.7
Shields        | 1 2 |  2.7
Unarmed Combat | 1 2 |  2.7
Evocations     | 1 2 |  2.7
Conjurations   | 1 2 |  2.2
Hexes          | 1 2 |  2.2
Summonings     | 1 2 |  2.2
Necromancy     | 1 2 |  2.2
Translocations | 1 2 |  2.2
Fire Magic     | 1 2 |  2.2
Ice Magic      | 1 2 |  2.2
Air Magic      | 1 2 |  2.2
Earth Magic    | 1 2 |  2.2
Dodging        | 5 |  5.3
Stealth        | 5 |  5.0
Poison Magic   | |  5.9

Action                     |  1- 3 |  4- 6 |  7- 9 || total
---------------------------+-------+-------+-------++-------
  Melee: Unarmed           |     2 |       |       ||     2
         Dagger            |     4 |       |       ||     4
         Bite              |     1 |     6 |     8 ||    15
         Spear             |       |    41 |    45 ||    86
         Punch             |       |       |     1 ||     1
   Cast: Sting             |    34 |   124 |    17 ||   175
    Use: Potion            |     1 |       |       ||     1
         Scroll            |       |     5 |     2 ||     7
 Armour: Robe              |     3 |    27 |       ||    30
         Gold dragon scale |       |       |    36 ||    36
  Dodge: Dodged            |     8 |    45 |     9 ||    62
  Block: Other             |       |     5 |     6 ||    11

Table legend: (Time is in decaauts)
 A = Elapsed time spent in this place.
 B = Non-inter-level travel time spent in this place.
 C = Inter-level travel time spent in this place.
 D = Time resting spent in this place.
 E = Time spent auto-exploring this place.
 F = Levels seen in this place.
 G = Mean time per level.
                   A        B        C        D        E       F      G
               +--------+--------+--------+--------+--------+-----+--------+
         Total |   4358 |   4251 |    107 |      0 |   3538 |   4 | 1089.5 |
       Dungeon |   4358 |   4251 |    107 |      0 |   3538 |   4 | 1089.5 |
               +--------+--------+--------+--------+--------+-----+--------+

Top non-repeatable levels by time:
     D:2: 1303 daAuts
     D:4: 1131 daAuts
     D:3: 1115 daAuts
     D:1: 807 daAuts
